cohdb
Replays
Latest Replays
All Replays
Popular Replays
Top Player Replays
Match Explorer
How It Works
Community
CoH3 Stats
Reddit
Sign in to upload your games and track your stats! →
Sign in with Steam
Match 38941510
Unlisted
Match 38941510
Overview
Messages
Build Orders
End
Kradschützen Motorcycle Team
Selects Italian Infantry
250 Light Carrier
Panzergrenadier Squad
Construct Light Support Kompanie
Combat Half-tracks
Assault Grenadier Squad
Selects Guastatori Squad
Panzerjäger Mechanized Group
Guastatori Squad
2.5-tonne Medical Truck
Construct Mechanized Kompanie
Selects Registered Artillery
Support Armor Elements
StuG III D Assault Gun
101
WadoVice
0
0
Comments
sign in to comment!
No comments posted yet!